 Dungeon Crawl Stone Soup version 0.17.1-1-g73c8601 (webtiles) character file.

4479 sugabear the Ducker (level 10, -7/53 HPs)
             Began as a Vine Stalker Gladiator on Dec 20, 2015.
             Was a Follower of Kikubaaqudgha.
             Mangled by a blink frog (13 damage)
             ... on level 1 of the Lair of Beasts.
             The game lasted 00:21:46 (8527 turns).

sugabear the Ducker (Vine Stalker Gladiator)        Turns: 8527, Time: 00:21:46

Health: -7/53      AC:  5    Str: 21    XL:     10   Next: 38%
Magic:  0/12       EV: 18    Int:  8    God:    Kikubaaqudgha [*.....]
Gold:   354        SH:  0    Dex: 21    Spells: 3 memorised, 5 levels left

rFire  + . .     SeeInvis .     d - +10 short sword of Moderation {pierce, rF+ Dex+4}
rCold  . . .     Clarity  .     G - +2 robe {rN+}
rNeg   + . .     SustAt   .     (no shield)
rPois  .         Gourm    .     c - +0 helmet
rElec  .         Spirit   +     (no cloak)
rCorr  .         Warding  .     (no gloves)
rMut   .         Stasis   .     (no boots)
MR     +....                    (no amulet)
Stlth  ++++......               x - +2 ring of dexterity
                                o - +6 ring of slaying

@: somewhat resistant to hostile enchantments, stealthy
A: fangs 3, regeneration 2, magic shield, antimagic bite, no device heal 3, rot
immunity
a: Receive Corpses, Renounce Religion


You were on level 1 of the Lair of Beasts.
You worshipped Kikubaaqudgha.
Kikubaaqudgha was aware of your devotion.
You were near starving.

You visited 3 branches of the dungeon, and saw 11 of its levels.

You collected 376 gold pieces.
You spent 22 gold pieces at shops.

Inventory:

Hand Weapons
 d - the +10 short sword of Moderation (weapon) {pierce, rF+ Dex+4}
   (You found it on level 9 of the Dungeon)

   It inflicts extra damage upon your enemies.
   It affects your dexterity (+4).
   It protects you from fire.
 y - a +0 morningstar
 A - a +2 hand axe of flaming
 L - a +1 flail of protection
Missiles
 f - 17 tomahawks
 E - 7 javelins
 T - a throwing net (quivered)
Armour
 c - a +0 helmet (worn)
 G - a +2 robe of positive energy (worn)
Rods
 V - a +0 rod of shadows (1/11)
   (You found it on level 9 of the Dungeon)
Jewellery
 o - a +6 ring of slaying (left hand)
 r - an uncursed ring of protection from magic
 x - a +2 ring of dexterity (right hand)
 C - an uncursed ring of see invisible
Wands
 I - a wand of polymorph (5)
 P - a wand of confusion (12)
 U - a wand of random effects (33)
Scrolls
 a - a scroll of enchant weapon {unknown}
 b - a scroll of fog {unknown}
 g - 4 scrolls of noise {unknown}
 j - 9 scrolls of identify {unknown}
 k - 2 scrolls of remove curse {unknown}
 n - 3 scrolls of teleportation {unknown}
 t - 2 scrolls of immolation {unknown}
 v - a scroll of blinking {unknown}
 w - 3 scrolls of amnesia {unknown}
 z - a scroll of recharging {unknown}
 F - 3 scrolls of magic mapping {unknown}
 H - 2 scrolls of acquirement {unknown}
 J - a scroll of fear {unknown}
 K - 3 scrolls of random uselessness {unknown}
 O - a scroll of vulnerability {unknown}
Potions
 i - 4 potions of haste {unknown}
 m - 2 potions of flight {unknown}
 p - 2 potions of brilliance {unknown}
 q - 5 potions of curing {unknown}
 s - 3 potions of agility
 u - a potion of degeneration {unknown}
 B - 2 potions of cancellation {unknown}
 D - 2 potions of mutation {unknown}
 M - 2 potions of magic {unknown}
Books
 N - a Young Poisoner's Handbook

   Spells                             Type                      Level
   a - Sting                          Conjuration/Poison           1
   b - Cure Poison                    Poison                       2
   c - Mephitic Cloud                 Conjuration/Poison/Air       3
   d - Olgreb's Toxic Radiance        Poison                       4
   e - Venom Bolt                     Conjuration/Poison           5
 R - Kikubaaqudgha's Reference Book on Stolen Souls
   (Kikubaaqudgha gifted it to you on level 8 of the Dungeon)

   Spells                             Type                      Level
   a - Animate Skeleton               Necromancy                   1
   b - Corpse Rot                     Necromancy                   2
   c - Sublimation of Blood           Necromancy                   2
   d - Regeneration                   Charms/Necromancy            3
   e - Control Undead                 Necromancy                   4
Comestibles
 e - 8 bread rations
 h - 3 beef jerkies
 l - 3 meat rations
 Q - a royal jelly
 S - a fruit


   Skills:
 + Level 5.7 Fighting
 + Level 0.8(4.2) Axes
 + Level 6.7 Maces & Flails
 + Level 3.4 Throwing
 + Level 3.3 Armour
 + Level 7.0 Dodging
 + Level 5.3 Stealth
 + Level 1.0 Spellcasting
 + Level 0.4 Conjurations
 * Level 3.6 Necromancy
 * Level 3.1 Poison Magic
 + Level 0.1 Evocations


You had 5 spell levels left.
You knew the following spells:

 Your Spells              Type           Power        Failure   Level  Hunger
a - Cure Poison           Pois           #.........   21%         2    ###....
b - Sting                 Conj/Pois      #...         21%         1    ##.....
c - Regeneration          Chrm/Necr      #.........   61%         3    ####...


Dungeon Overview and Level Annotations

Branches:
Dungeon (9/15)             Temple (1/1) D:7            Lair (1/8) D:8
    Orc: D:9-12

Altars:
Ashenzari
Cheibriados
Dithmenos
Elyvilon
Fedhas
Gozag
Kikubaaqudgha
Makhleb
Nemelex Xobeh
Okawaru
Qazlal
Ru
Sif Muna
Trog
Vehumet
Xom
Yredelemnul
Zin
The Shining One

Shops:
D:5 [   D:6 [


Innate Abilities, Weirdness & Mutations

You have razor-sharp teeth.
You heal very quickly.
When hurt, damage is shared between your health and your magic reserves.
Your bite disrupts and absorbs the magic of your enemies.
Potions and wands cannot restore your health.
You are immune to rotting.


Message History

The blink frog hits you!
The blink frog blinks!
The blink frog blinks!
Your adder barely misses the electric eel.
The electric eel shoots out a bolt of lightning at you!
The bolt of electricity hits your adder.
Your adder dies!
Your adder's corpse dissolves into shadows!
The bolt of electricity hits the plant. x2
The bolt of electricity misses you. The blink frog hits you!
* * * LOW HITPOINT WARNING * * *
The blink frog blinks!
The electric eel shoots out a bolt of lightning at you!
The bolt of electricity hits you!
* * * LOW HITPOINT WARNING * * *
The blink frog hits you.
* * * LOW HITPOINT WARNING * * *
There is a staircase back to the Dungeon here.
The blink frog looks more healthy.
The blink frog hits you!
You die...
Kikubaaqudgha rasps: "You have failed me!
Welcome... death!"

≈≈≈ ###♣ ≈≈≈
...♣≈≈≈P≈≈≈
P..P≈≈P≈≈PP
..#≈≈P≈;≈≈≈ .
###.PP≈≈FY≈≈≈ ..
#...+≈≈≈≈≈≈PP
#PP##.#@#≈≈P≈≈P.P
#.....#F#≈P.P...P
#.###..F.........
.....(...........
..#.#P+....####..
......#...#
#.#.######## ...#
...


You could see 2 blink frogs.

Vanquished Creatures
  A komodo dragon (D:8)
  2 blink frogs (D:8)
  Sigmund (D:2)
  A wyvern (D:8)
  Eustachio (D:5)
  A hippogriff (D:8)
  Edmund (D:5)
  A hungry ghost (D:7)
  A water moccasin (D:8)
  4 centaurs
  A phantom (D:8)
  2 ice beasts (D:7)
  2 sky beasts
  2 ogres
  4 giant frogs
  3 scorpions
  6 killer bees (D:7)
  3 wights (D:8)
  3 centaur zombies
  A giant frog zombie (D:6)
  4 crimson imps
  5 hounds
  2 jellies
  4 orc priests
  3 orc wizards
  3 iguanas
  3 worker ants
  A hound zombie (D:8)
  A hound skeleton (D:4)
  2 shadow imps
  14 adders
  An adder skeleton (D:9)
  2 adder zombies
  3 worms
  13 orcs
  2 ball pythons
  3 giant cockroaches
  6 goblins
  3 hobgoblins
  5 kobolds
  8 bats
  5 giant geckos
  A giant gecko skeleton (D:7)
  5 giant newts
  13 jackals
  6 quokkas
  A quokka skeleton (D:4)
  4 rats
164 creatures vanquished.

Vanquished Creatures (collateral kills)
  A blink frog (Lair:1)
1 creature vanquished.

Vanquished Creatures (others)
  2 plants (D:8)
2 creatures vanquished.

Grand Total: 167 creatures vanquished

Notes
Turn   | Place    | Note
--------------------------------------------------------------
     0 | D:1      | sugabear the Vine Stalker Gladiator began the quest for the Orb.
     0 | D:1      | Reached XP level 1. HP: 11/11 MP: 2/2
   198 | D:1      | Reached skill level 3 in Maces & Flails
   198 | D:1      | Reached XP level 2. HP: 1/15 MP: 3/3
   614 | D:2      | Reached skill level 1 in Armour
   614 | D:2      | Reached XP level 3. HP: 8/18 MP: 1/4
   748 | D:2      | Noticed Sigmund
   791 | D:2      | Killed Sigmund
   791 | D:2      | Reached XP level 4. HP: 21/23 MP: 5/5
   791 | D:2      | Reached XP level 5. HP: 24/27 MP: 6/6
  2083 | D:3      | Gained mutation: You heal very quickly. [Vine Stalker growth]
  2083 | D:3      | Reached XP level 6. HP: 26/32 MP: 7/7
  2274 | D:3      | Reached skill level 1 in Stealth
  3451 | D:4      | Reached skill level 4 in Maces & Flails
  3460 | D:4      | Reached XP level 7. HP: 34/36 MP: 8/8
  4037 | D:5      | Entered Level 5 of the Dungeon
  4063 | D:5      | Noticed Edmund
  4119 | D:5      | Killed Edmund
  4337 | D:5      | Found a shattered altar of Ashenzari.
  4515 | D:5      | Found Vedyuroxt's Antique Armour Shoppe.
  4521 | D:5      | Bought an embroidered robe for 22 gold pieces
  4576 | D:5      | Noticed Eustachio
  4615 | D:5      | Killed Eustachio
  4615 | D:5      | Gained mutation: You have razor-sharp teeth. [Vine Stalker growth]
  4615 | D:5      | Reached XP level 8. HP: 40/42 MP: 9/9
  5025 | D:6      | Found Hioptukya's Antique Armour Boutique.
  5458 | D:6      | Reached skill level 5 in Maces & Flails
  5546 | D:6      | Reached skill level 5 in Dodging
  5815 | D:7      | Reached XP level 9. HP: 23/46 MP: 6/10
  5981 | D:7      | Found a staircase to the Ecumenical Temple.
  6017 | Temple   | Entered the Ecumenical Temple
  6021 | Temple   | Learned a level 2 spell: Cure Poison
  6048 | Temple   | Became a worshipper of Kikubaaqudgha
  6398 | D:7      | Reached skill level 1 in Necromancy
  6405 | D:7      | Reached skill level 5 in Stealth
  6409 | D:7      | Reached skill level 6 in Maces & Flails
  6763 | D:6      | Found an opulent altar of Gozag.
  6763 | D:6      | Found a shimmering altar of Xom.
  6810 | D:8      | Reached skill level 5 in Fighting
  6810 | D:8      | Reached skill level 1 in Poison Magic
  6852 | D:8      | Found a glowing golden altar of the Shining One.
  7019 | D:8      | Learned a level 1 spell: Sting
  7209 | D:8      | Found a staircase to the Lair.
  7210 | D:8      | Noticed a komodo dragon
  7308 | D:8      | Reached XP level 10. HP: 51/51 MP: 11/11
  7548 | D:8      | Reached * piety under Kikubaaqudgha
  7548 | D:8      | Received a gift from Kikubaaqudgha
  7550 | D:8      | Identified Kikubaaqudgha's Reference Book on Stolen Souls (Kikubaaqudgha gifted it to you on level 8 of the Dungeon)
  7555 | D:8      | Learned a level 3 spell: Regeneration
  7657 | D:8      | Killed a komodo dragon
  7678 | Lair:1   | Entered Level 1 of the Lair of Beasts
  8136 | D:9      | Identified a +0 rod of shadows (11/11) (You found it on level 9 of the Dungeon)
  8258 | D:9      | Got a brightly glowing short sword
  8259 | D:9      | Identified the +10 short sword of Moderation {pierce, rF+ Dex+4} (You found it on level 9 of the Dungeon)
  8320 | D:9      | Reached skill level 7 in Dodging
  8519 | Lair:1   | Reached skill level 1 in Spellcasting
  8527 | Lair:1   | Mangled by a blink frog

Action                   |  1- 3 |  4- 6 |  7- 9 | 10-12 || total
-------------------------+-------+-------+-------+-------++-------
Melee: Flail             |    71 |   112 |   209 |    45 ||   437
       Morningstar       |       |    55 |    50 |       ||   105
       Hand axe          |       |       |     9 |       ||     9
       Short sword       |       |       |       |    16 ||    16
Throw: Tomahawk          |     9 |       |     7 |       ||    16
       Throwing net      |     1 |       |     2 |     1 ||     4
       Javelin           |       |       |     9 |       ||     9
 Cast: Sting             |       |       |     7 |     4 ||    11
       Cure Poison       |       |       |     1 |     1 ||     2
Evoke: Wand              |       |       |       |     2 ||     2
       Rod               |       |       |       |     2 ||     2
 Stab: Sleeping          |       |     2 |     7 |     2 ||    11
       Held in net/web   |       |       |     1 |       ||     1
  Eat: Chunk             |       |     8 |    12 |     3 ||    23
       Pizza             |       |       |     1 |       ||     1
       Fruit             |       |       |       |     1 ||     1
